 Dungeon Crawl Stone Soup version 0.31.0-32-g396128a36d (webtiles) character file.

Game seed: 8788708318923359631

110 gohu the Magician (level 5, 0/35 HPs)
             Began as a Djinni Fire Elementalist on Mar 14, 2024.
             Slain by a goblin
             ... wielding a +0 club
             ... led by Robin
              (4 damage)
             ... on level 2 of the Dungeon.
             The game lasted 00:03:04 (1661 turns).

gohu the Magician (Djinni Fire Elementalist)        Turns: 1661, Time: 00:03:05

Health: 0/35       AC:  3    Str:  7    XL:     5   Next: 14%
Gold:   107        EV: 12    Int: 19    God:
                   SH:  0    Dex: 13

rFire   + + .        (no weapon)
rCold   x . .        (no shield)
rNeg    . . .        a - +0 robe
rPois   ∞            (no helmet)
rElec   .            h - +0 cloak
rCorr   .            (no gloves)
SInv    .            (boots unavailable)
Will    .....        (no amulet)
Stlth   ++           (no ring)
HPRegen 0.25/turn    (no ring)
MPRegen 0.00/turn

%: infuse magic (-1 HP)
@: flying
A: sickness immunity, fire resistance 2, cold vulnerability 1, float, innate
caster, HP casting, extra vitality 1
a: no special abilities


You were on level 2 of the Dungeon.
You visited 1 branch of the dungeon, and saw 3 of its levels.

You collected 107 gold pieces.

Inventory:

Armour
 a - a +0 robe (worn)
 h - a +0 cloak (worn)
Jewellery
 i - a ring of resist corrosion
 k - a +5 ring of evasion
Scrolls
 c - a scroll of torment {unknown}
 d - 4 scrolls of identify {unknown}
 e - a scroll of revelation {unknown}
 g - a scroll of silence {unknown}
 j - a scroll of poison {unknown}
Potions
 b - 3 potions of curing {unknown}
 f - 2 potions of might {unknown}
 l - a potion of magic {unknown}


   Skills:
 - Level 2.1 Dodging
 - Level 1.5 Stealth
 * Level 4.7 Spellcasting
 * Level 4.7 Conjurations
 * Level 4.7 Hexes
   Level 0.0 Charms
 * Level 4.7 Summonings
 * Level 4.7 Necromancy
 * Level 4.7 Translocations
   Level 0.0 Transmutations
 * Level 4.7 Fire Magic
 * Level 4.7 Ice Magic
 * Level 4.7 Air Magic
 * Level 4.7 Earth Magic
 * Level 4.7 Alchemy


You knew the following spells:

 Your Spells              Type           Power      Damage    Failure   Level
a - Foxfire               Conj/Fire      88%        2x1d8     1%          1
b - Scorch                Fire           44%        2d6       2%          2
c - Volatile Blastmotes   Fire/Tloc      44%        2d13      5%          3
d - Inner Flame           Hex/Fire       22%        N/A       5%          3
e - Flame Wave            Conj/Fire      22%        2d8       19%         4
f - Necrotise             Necr           88%        1d8       1%          1
g - Blink                 Tloc           44%        N/A       2%          2
Your spell library was empty.

Dungeon Overview and Level Annotations

Branches:
Dungeon (3/15)

Altars:

Portals:
Sewer: D:3

Annotations:
D:3 Robin


Innate Abilities, Weirdness & Mutations

You are immune to sickness and miasma.
You are immune to poison.
Your flesh is very heat resistant. (rF++)
You are vulnerable to cold. (rC-)
You float through the air rather than walking.
You learn spells naturally, not from books.
Your magical power is your life essence.
You have superior vitality. (+4 MHP)


Message History

The goblin hits you but does no damage. x2; The goblin misses you.
The hobgoblin closely misses you.
You fly upwards.
There is a stone staircase leading down here.
The goblin attacks as it pursues you!
The goblin hits you with a +2 vampiric dagger.
The hobgoblin attacks as it pursues you!
The hobgoblin closely misses you. The goblin closely misses you.
The goblin closely misses you.
Casting: Foxfire (safe; 1% risk of failure)
Confirm with . or Enter, or press ? or * to list all spells.
You conjure some foxfire!
The foxfire hits the goblin but does no damage.
The foxfire hits the goblin.
The goblin is severely wounded.
The hobgoblin hits you but does no damage.
Casting: Foxfire (safe; 1% risk of failure)
Confirm with . or Enter, or press ? or * to list all spells.
You conjure some foxfire!
* * * LOW HITPOINT WARNING * * *
The goblin barely misses you. The hobgoblin hits you.
* * * LOW HITPOINT WARNING * * *
The foxfire hits the goblin.
You kill the goblin!
The foxfire hits the goblin.
You kill the goblin!
Casting: Foxfire (safe; 1% risk of failure)
Confirm with . or Enter, or press ? or * to list all spells.
You conjure some foxfire!
* * * LOW HITPOINT WARNING * * *
The hobgoblin hits you but does no damage.
The goblin hits you but does no damage.
The foxfire hits the hobgoblin.
The hobgoblin is lightly wounded.
The foxfire hits the hobgoblin.
The hobgoblin is moderately wounded.
The hobgoblin hits you.
* * * LOW HITPOINT WARNING * * *
The goblin hits you with a +0 club.
You die...

#.#.._..## #..... #.#...8..#
#..... #........# #.....
##########......#.# #.....
#.................# #.....
#...........)...### #.....
#.........)>))### #.....
#............gg######### #.....
#............#@........# #.....
#............##§.......###.....
#............###...............
###########'## #.......##..)...
#.# #.......##.##### #.#
#.......#..##... #.##
#.......#.##.... #..#
#########.#...:.
#########..####### #.#.....


You could see a hobgoblin and a goblin.

Vanquished Creatures
  4 adders (D:2)
  10 endoplasms
  A giant cockroach (D:1)
  10 goblins
  10 hobgoblins
  4 jackals
  4 quokkas
  3 ball pythons
  5 bats
  3 frilled lizards
  4 kobolds
  5 rats
63 creatures vanquished.

Vanquished Creatures (others)
  182 foxfires
182 creatures vanquished.

Grand Total: 245 creatures vanquished

Notes
Turn   | Place    | Note
-------+----------+-------------------------------------------
     0 | D:1      | gohu the Djinni Fire Elementalist began the quest for the
                  | Orb.
     0 | D:1      | gohu set off with the following spells memorised: Foxfire,
                  | Scorch, Volatile Blastmotes, Inner Flame, Flame Wave.
     0 | D:1      | Reached XP level 1. HP: 15/15 MP: 0/0
   166 | D:1      | Reached XP level 2. HP: 20/21 MP: 0/0
   406 | D:1      | You are sucked into a shaft and drop 1 floor!
   428 | D:2      | Reached XP level 3. HP: 24/25 MP: 0/0
   428 | D:2      | Learned a level 1 spell: Necrotise
   489 | D:2      | Found a faded altar of an unknown god.
   575 | D:2      | Reached XP level 4. HP: 30/31 MP: 0/0
  1461 | D:3      | Found a glowing drain.
  1468 | D:3      | Reached XP level 5. HP: 11/35 MP: 0/0
  1468 | D:3      | Learned a level 2 spell: Blink
  1470 | D:3      | Noticed Robin
  1661 | D:2      | Slain by a goblin

Illustrated notes

Levels and vault maps discovered:
D:1:      lightli_arrival_maybe_door_vault, layout_rooms, item_on_display_a
D:2:      kennysheep_six_static_rooms, layout_basic,
          dreamdust_ecumenical_altar_statues
D:3:      layout_rooms, nzn_wu_jian_contemplation, cheibrodos_sewer_entry_drain,
          uniq_robin, uniq_jessica

Skill      XL: |  1  2  3 |
---------------+----------+-----
Spellcasting   | 4 |  4.7
Conjurations   | 4 |  4.7
Hexes          | 4 |  4.7
Summonings     | 4 |  4.7
Necromancy     | 4 |  4.7
Translocations | 4 |  4.7
Fire Magic     | 4 |  4.7
Ice Magic      | 4 |  4.7
Air Magic      | 4 |  4.7
Earth Magic    | 4 |  4.7
Alchemy        | 4 |  4.7
Dodging        | |  2.1
Stealth        | |  1.5

Action                     |  1- 3 |  4- 6 || total
---------------------------+-------+-------++-------
   Cast: Foxfire           |    52 |    51 ||   103
         Flame Wave        |       |     1 ||     1
         Scorch            |       |     4 ||     4
 Armour: Robe              |     4 |    33 ||    37
  Dodge: Dodged            |     5 |    36 ||    41
